 Dungeon Crawl Stone Soup version 0.31-a0-217-g58bb5d79cf (webtiles) character file.

Game seed: 8986403672336229540

10 qw the Shooter (level 2, 0/16 HPs)
             Began as a Gargoyle Hexslinger on July 2, 2023.
             Slain by a goblin
             ... wielding a +0 club
              (1 damage)
             ... on level 1 of the Dungeon.
             The game lasted 00:00:06 (223 turns).

qw the Shooter (Gargoyle Hexslinger)                 Turns: 223, Time: 00:00:07

Health: 0/16       AC:  4    Str: 11    XL:     2   Next: 20%
Magic:  3/3        EV: 12    Int: 13    God:
Gold:   27         SH:  0    Dex: 12    Spells: 2/3 levels left

rFire   . . .        a - +1 sling
rCold   . . .        (no shield)
rNeg    + . .        c - +0 robe
rPois   inf          (no helmet)
rElec   +            (no cloak)
rCorr   .            (no gloves)
SInv    .            (no boots)
Will    .....        (no amulet)
Stlth   +            (no ring)
HPRegen 0.22/turn    (no ring)
MPRegen 0.08/turn

%: no passive effects
@: no status effects
A: sickness immunity, AC +2, negative energy resistance 1, electricity
resistance, torment resistance 1, petrification resistance
a: no special abilities


You were on level 1 of the Dungeon.
You visited 1 branch of the dungeon, and saw 1 of its levels.

You collected 27 gold pieces.


Innate Abilities, Weirdness & Mutations

You are immune to sickness and miasma.
Your stone body is resilient. (AC +2)
You are immune to poison.
You resist negative energy. (rN+)
You are resistant to electric shocks. (rElec)
You are resistant to unholy torment.
You are immune to petrification.


   Skills:
 - Level 1.1 Fighting
 + Level 2.8 Ranged Weapons
 - Level 1.5 Dodging
 - Level 1.0 Spellcasting
 - Level 2.6 Hexes


You had 2 spell levels left.
You knew the following spells:

 Your Spells              Type           Power      Damage    Failure   Level
a - Slow                  Hex            28%        N/A       10%         1

Your spell library contained the following spells:

 Spells                   Type           Power      Damage    Failure   Level
 Inner Flame              Hex/Fire       4%         N/A       43%         3
 Portal Projectile        Hex/Tloc       8%         N/A       43%         3
 Cause Fear               Hex            3%         N/A       67%         4

Inventory:

Hand Weapons
 a - a +1 sling (weapon)
Armour
 c - a +0 robe (worn)
 f - a +0 helmet
 h - a +1 pair of boots
Scrolls
 b - a scroll of poison
 e - 3 scrolls of fog {unknown}
 g - a scroll of identify {unknown}
Potions
 d - a potion of ambrosia {unknown}

Dungeon Overview and Level Annotations

Branches:
Dungeon (1/15)

Altars:


Message History

You shoot a sling bullet.
The sling bullet closely misses the giant cockroach.
The goblin hits you but does no damage.
The giant cockroach bites you but does no damage.
You shoot a sling bullet.
The sling bullet closely misses the giant cockroach.
The giant cockroach bites you but does no damage.
The kobold misses you. The goblin barely misses you.
The kobold closely misses you.
The giant cockroach bites you but does no damage.
The goblin hits you with a +0 club.
You shoot a sling bullet.
The sling bullet hits the giant cockroach but does no damage.
The giant cockroach is heavily wounded.
The giant cockroach bites you but does no damage.
The kobold misses you. The goblin hits you but does no damage.
You shoot a sling bullet.
The sling bullet closely misses the giant cockroach.
The giant cockroach closely misses you. The kobold misses you.
The goblin hits you but does no damage. The giant cockroach closely misses you.
You shoot a sling bullet.
The sling bullet completely misses the giant cockroach.
The kobold hits you but does no damage. The goblin hits you with a +0 club.
The giant cockroach bites you but does no damage.
You shoot a sling bullet.
The sling bullet barely misses the giant cockroach.
The giant cockroach closely misses you. The kobold hits you but does no damage.
The goblin misses you. The giant cockroach bites you.
The kobold hits you but does no damage. The goblin barely misses you.
You shoot a sling bullet.
The sling bullet hits the giant cockroach.
You kill the giant cockroach!
The kobold misses you. The goblin hits you with a +0 club.
You shoot a sling bullet.
The sling bullet barely misses the kobold.
The goblin barely misses you. The kobold closely misses you.
You shoot a sling bullet.
The sling bullet completely misses the kobold.
The kobold closely misses you. The goblin hits you with a +0 club.
You die...

#.......##.#
...........#
#....:...###
#........#
#.######.# #.#
#.# #.# #.#
###'### #.#
#####.%@..# #.#
......gK..# #.#
####....).# #.#
$........%# #.#
...(......# #.#
..........####.#
...............#
...............#
####...........#


You could see a goblin and a kobold.

Vanquished Creatures
  3 ball pythons (D:1)
  2 bats (D:1)
  An endoplasm (D:1)
  A giant cockroach (D:1)
  A hobgoblin (D:1)
8 creatures vanquished.

Notes
Turn   | Place    | Note
-------+----------+-------------------------------------------
     0 | D:1      | qw the Gargoyle Hexslinger began the quest for the Orb.
     0 | D:1      | Reached XP level 1. HP: 12/12 MP: 2/2
     0 | D:1      | 0 ||| qw: Version: 0.3-a-40-ge99b1a8
     0 | D:1      | 0 ||| qw: Game counter: 90
     0 | D:1      | 0 ||| qw: Melee chars always use a shield: true
     0 | D:1      | 0 ||| qw: God list: Okawaru
     0 | D:1      | 0 ||| qw: Allow faded altars: false
     0 | D:1      | 0 ||| qw: Do Orc after clearing Dungeon:15 true
     0 | D:1      | 0 ||| qw: Do second Lair branch before Depths: true
     0 | D:1      | 0 ||| qw: Lair rune preference: random
     0 | D:1      | 0 ||| qw: Goals: Normal
     0 | D:1      | 0 ||| PLANNING D:1-11
   136 | D:1      | Reached XP level 2. HP: 16/16 MP: 3/3
   219 | D:1      | HP: 4/16 [goblin/+0 club (3)]
   221 | D:1      | HP: 1/16 [goblin/+0 club (2)]
   223 | D:1      | Slain by a goblin

Levels and vault maps discovered:
D:1:      matt_arrival_spirals, layout_basic, serial_bayou_lake_a

Action                     || total
---------------------------++-------
   Fire: Sling             ||    36
 Armour: Robe              ||    14
  Dodge: Dodged            ||    17

Table legend:
 A = Non-vault XP
 B = Vault XP
 C = Vault XP percentage of total XP
 D = Non-vault monster count
 E = Vault monster count
 F = Vault count percentage of total count
                 A         B        C        D         E       F
            +---------+---------+-------+---------+---------+-------
      Total |      15 |       0 |   0.0 |       8 |       0 |   0.0
            +---------+---------+-------+---------+---------+-------
        D:1 |      15 |       0 |   0.0 |       8 |       0 |   0.0
            +---------+---------+-------+---------+---------+-------
